 Dungeon Crawl Stone Soup version 0.27.1-34-g3ba077fa99 (webtiles) character file.

Game seed: 2095990658366775640

126 boopmooplesden the Covered (level 4, -1/40 HPs)
             Began as a Minotaur Fighter on Jan 16, 2022.
             Slain by an orc wizard (3 damage)
             ... on level 3 of the Dungeon.
             The game lasted 00:02:34 (2100 turns).

boopmooplesden the Covered (Minotaur Fighter)       Turns: 2100, Time: 00:02:34

Health: -1/40      AC: 10    Str: 22    XL:     4   Next: 83%
Magic:  3/3        EV:  6    Int:  5    God:
Gold:   101        SH: 11    Dex:  9    Spells: 3/3 levels left

rFire    . . .     SeeInvis .   a - +0 war axe
rCold    . . .     Faith    .   c - +2 kite shield
rNeg     . . .     Spirit   .   e - +0 chain mail
rPois    .         Reflect  .   (helmet restricted)
rElec    .         Harm     .   (no cloak)
rCorr    .         Rampage  .   k - +0 pair of gloves
Will     .....                  (no boots)
Stlth    ..........             (no amulet)
HPRegen  0.13/turn              (no ring)
MPRegen  0.08/turn              (no ring)

@: mighty, slowed, very slow
A: horns 2, retaliatory headbutt
a: no special abilities


You were on level 3 of the Dungeon.
You visited 1 branch of the dungeon, and saw 3 of its levels.

You collected 101 gold pieces.

Inventory:

Hand Weapons
 a - a +0 war axe (weapon)
Missiles
 b - 3 javelins (quivered)
Armour
 c - a +2 kite shield (worn)
 e - a +0 chain mail (worn)
 k - a +0 pair of gloves (worn)
Wands
 h - a wand of paralysis (11)
Potions
 g - a potion of magic


   Skills:
 + Level 4.2 Fighting
 + Level 3.8 Axes
 + Level 4.7 Armour
 + Level 0.6 Dodging
 + Level 0.1 Stealth
 + Level 4.5 Shields


You had 3 spell levels left.
You didn't know any spells.
Your spell library contained the following spells:

 Spells                   Type           Power      Damage    Failure   Level
 Animate Skeleton         Necr           0%         N/A       100%        1
 Beastly Appendage        Tmut           0%         N/A       100%        1
 Pain                     Necr           0%         1d4       100%        1
 Passwall                 Tmut/Erth      0%         N/A       100%        2
 Wereblood                Tmut           0%         N/A       100%        2
 Spider Form              Tmut/Pois      0%         N/A       100%        3
 Swiftness                Air            0%         N/A       100%        3
 Vampiric Draining        Necr           0%         2d6       100%        3
 Invisibility             Hex            0%         N/A       100%        6


Dungeon Overview and Level Annotations

Branches:
Dungeon (3/15)

Altars:


Innate Abilities, Weirdness & Mutations

You have a pair of horns on your head.
You reflexively headbutt those who attack you in melee.


Message History

You feel as though you will be slow longer.
You block Natasha's attack. You block Natasha's attack.
You feel very mighty all of a sudden.
Natasha stares at you and mumbles some strange words.
You feel as though you will be slow longer.
You barely miss Natasha. You headbutt Natasha!
You kill Natasha!
Natasha yowls pathetically as she dies!
The orc hits you with a +0 flail.
* * * LOW HITPOINT WARNING * * *
You barely miss the orc. You headbutt the orc!
You kill the orc!
The orc priest hits you with a +0 flail.
* * * LOW HITPOINT WARNING * * *
You block the orc priest's attack.
You slice the orc priest!!
You kill the orc priest!
You miss something.
You hear some strange, mumbled words.
Something tries to affect you, but you resist.
Something completely misses you.
You hear some strange, mumbled words.
A magic dart appears from out of thin air!
The magic dart hits you.
* * * LOW HITPOINT WARNING * * *
Your shield prevents you from hitting something.
You headbutt something! Something hits you.
* * * LOW HITPOINT WARNING * * *
Something hits you but does no damage.
You barely miss something. Your headbutt misses something.
Something hits you but does no damage.
You hear some strange, mumbled words.
A puff of flame appears from out of thin air!
The puff of flame hits you but does no damage.
You closely miss something.
Something hits you but does no damage. x2
You closely miss something.
An orc wizard appears from thin air!
Reactivating autopickup.
The orc wizard hits you with a +0 dagger.
You die...

#....#####....
#....#...#.... ###
#....###...... ...
+....#........ #.#
#....#........ #.#
#....#........ #.#
#....#.[...... #.#
#............. #@#
####.....#.#+#
##o#######...##.#.#
#.oo.o..oo.........
##########...##....
#...........
#.....(..†..
#...........
#...........
#...........


You could see an orc wizard and 2 orcs.

Vanquished Creatures
  An orc priest (D:3)
  Natasha (D:3)
  3 adders
  A dart slug (D:1)
  2 orcs (D:3)
  4 ball pythons
  4 endoplasms
  2 giant cockroaches (D:2)
  4 goblins
  3 hobgoblins
  3 jackals (D:1)
  3 kobolds
  A quokka (D:2)
  3 bats
  A frilled lizard (D:2)
  5 rats
41 creatures vanquished.

Notes
Turn   | Place    | Note
-------+----------+-------------------------------------------
     0 | D:1      | boopmooplesden the Minotaur Fighter began the quest for the
                  | Orb.
     0 | D:1      | Reached XP level 1. HP: 19/19 MP: 0/0
   275 | D:1      | Reached XP level 2. HP: 24/27 MP: 1/1
  1427 | D:2      | Reached XP level 3. HP: 33/33 MP: 2/2
  2038 | D:3      | Reached XP level 4. HP: 40/40 MP: 3/3
  2070 | D:3      | Noticed Natasha
  2093 | D:3      | Killed Natasha
  2097 | D:3      | HP: 2/40 [something (2)]
  2100 | D:3      | Slain by an orc wizard

Illustrated notes

Levels and vault maps discovered:
D:1:      amcnicky_arrival_feature_with_door, layout_loops_ring,
          roderic_lattice_a
D:2:      layout_basic, minmay_fractal_squares_gapless_5
D:3:      layout_basic, old_standard_altar, mainiacjoe_overflow_catwalk,
          minmay_misc_feat_alley, uniq_natasha

Skill      XL: |  1  2  3 |
---------------+----------+-----
Fighting       | 4 |  4.2
Armour         | 4 |  4.7
Shields        | 4 |  4.5
Axes           | 3 |  3.8
Dodging        | |  0.6
Stealth        | |  0.1

Action                   |  1- 3 |  4- 6 || total
-------------------------+-------+-------++-------
Melee: War axe           |    83 |     9 ||    92
       Headbutt          |     8 |     3 ||    11
  Use: Scroll            |     4 |       ||     4
       Potion            |       |     1 ||     1
Armor: Scale mail        |    27 |       ||    27
       Chain mail        |    10 |    10 ||    20
Dodge: Dodged            |    28 |     3 ||    31
Block: Kite shield       |    51 |     7 ||    58
